 Dungeon Sprint DCSS version 0.30.1-9-gdf580d7c3d (webtiles) character file.

Game seed: 487354852040116090

101 Heoruswealwe the Spear-Bearer (level 4, 0/45 HPs)
             Began as a Minotaur Fighter on Sept 25, 2023.
             Succumbed to a scorpion's poison
             ... in the Dungeon (Sprint IX: "|||||||||||||||||||||||||||||").
             The game lasted 00:02:02 (32 turns).

Heoruswealwe the Spear-Bearer (Minotaur Fighter)      Turns: 32, Time: 00:02:03

Health: 0/45       AC:  7    Str: 23    XL:     4   Next: 48%
Magic:  3/3        EV:  9    Int:  5    God:
Gold:   0          SH:  4    Dex:  9    Spells: 3/3 levels left

rFire   . . .        a - +0 trident
rCold   . . .        d - +0 buckler
rNeg    . . .        c - +0 scale mail
rPois   .            (helmet restricted)
rElec   .            (no cloak)
rCorr   .            (no gloves)
SInv    .            (no boots)
Will    .....        (no amulet) Stlth
                     (no ring)
HPRegen 0.27/turn    (no ring)
MPRegen 0.08/turn

%: no teleportation
@: lethally poisoned (0 -> -2)
A: horns 2, retaliatory headbutt
a: no special abilities


You were in the Dungeon.
You visited 1 branch

Inventory:

Hand Weapons
 a - a +0 trident (weapon)
Armour
 c - a +0 scale mail (worn)
 d - a +0 buckler (worn)
Scrolls
 j - a scroll of blinking
Potions
 b - a potion of might
 g - a potion of haste
 i - a potion of berserk rage


   Skills:
 + Level 6.4 Fighting
 * Level 8.0 Polearms
 + Level 6.4 Armour
 - Level 3.6 Shields


You had 3 spell levels left.
You didn't know any spells.
Your spell library was empty.

Dungeon Overview and Level Annotations

Branches:
Dungeon (1/1)

Altars:


Innate Abilities, Weirdness & Mutations

You have a pair of horns on your head.
You reflexively headbutt those who attack you in melee.


Message History

You barely miss the scorpion. Your headbutt misses the scorpion.
The scorpion is almost dead.
You feel very sick. You block the scorpion's attack.
You closely miss the scorpion. You headbutt the scorpion.
You kill the scorpion!
You feel sick.
Your Fighting skill increases to level 5!
Your Polearms skill gained 3 levels and is now at level 7!
Your Armour skill increases to level 5!
You have reached level 3!
Your experience leads to an increase in your attributes!
Increase (S)trength, (I)ntelligence, or (D)exterity?
You feel stronger. x2
You have reached level 4!
You feel stronger.
You puncture the jelly!
Your hands burn!
The jelly is almost dead.
You feel sick. The jelly hits you but does no damage.
You hit the jelly.
You kill the jelly!
You feel sick.
Your Fighting skill increases to level 6!
Your Polearms skill increases to level 8!
Your Armour skill increases to level 6!
You feel much better.
You feel sick.
The ogre hits you with a +0 giant spiked club!!
Ouch! That really hurt!
You puncture the ogre! Your headbutt misses the ogre.
The ogre is moderately wounded.
You feel sick.
You hit the ogre.
The ogre is heavily wounded.
The ogre hits you with a +0 giant spiked club!
* * * LOW HITPOINT WARNING * * *
Welcome back, Heoruswealwe the Minotaur Fighter.
Press ? for a list of commands and other information.
You hit the ogre. You headbutt the ogre!
You kill the ogre!
You die... ▓▓▓▓▓▓▓▓▓▓▓▓▓▓▓▓▓▓ ▓<.!.††...@)Y....+ ▓▓▓▓▓▓▓▓▓▓▓▓▓▓▓▓▓▓

You could see an ice beast.

Vanquished Creatures
  An ogre (D)
  A scorpion (D)
  A jelly (D)
  An adder (D)
  A dart slug (D)
  A hobgoblin (D)
  2 ball pythons (D)
  A rat (D)
9 creatures vanquished.

Notes
Turn   | Place    | Note
-------+----------+-------------------------------------------
     0 | D        | Heoruswealwe the Minotaur Fighter began the quest for the
                  | Orb.
     0 | D        | Reached XP level 1. HP: 19/19 MP: 0/0
     6 | D        | Reached skill level 3 in Polearms
    13 | D        | Reached skill level 4 in Polearms
    18 | D        | Noticed a scorpion
    18 | D        | Noticed a jelly
    18 | D        | Noticed an ogre
    18 | D        | Noticed an ice beast
    20 | D        | Reached XP level 2. HP: 23/28 MP: 1/1
    26 | D        | Killed a scorpion
    27 | D        | Reached skill level 5 in Fighting
    27 | D        | Reached skill level 7 in Polearms
    27 | D        | Reached skill level 5 in Armour
    27 | D        | Reached XP level 3. HP: 21/37 MP: 2/2
    27 | D        | Reached XP level 4. HP: 25/44 MP: 3/3
    29 | D        | Reached skill level 8 in Polearms
    31 | D        | HP: 1/45 [ogre/+0 giant spiked club (15)]
    32 | D        | Killed an ogre
    32 | D        | Succumbed to a scorpion's poison

Illustrated notes

Levels and vault maps discovered:
D:        linesprint [early_d, line_temple, items_1, d_10, items_2, lair_1,
          lair_end, items_3, orc_1, orc_end, items_4, d_15, swamp_1, shoals_1,
          snake_1, spider_1, d_20, vaults_1, items_5, swamp_end, shoals_end,
          snake_end, spider_end, vaults_end, d_27, items_6, zot_1, zot_end,
          crypt_end, forest_end, elf_end, slime_end, tomb_end, abyss_end,
          pan_hell_end]

Skill      XL: |  1  2  3  4 |
---------------+-------------+-----
Polearms       | 4 7 8 |  8.0
Fighting       | 4 5 6 |  6.4
Armour         | 4 5 6 |  6.4
Shields        | |  3.6

Action                     |  1- 3 |  4- 6 || total
---------------------------+-------+-------++-------
  Melee: Trident           |    14 |     5 ||    19
         Headbutt          |     3 |     1 ||     4
    Use: Potion            |     1 |     1 ||     2
 Armour: Scale mail        |     3 |     1 ||     4
  Dodge: Dodged            |     3 |       ||     3
  Block: Buckler           |     2 |       ||     2
